AoeStats
← magor

Black Forest

508907061Analyzed
2v2 RM · 9d ago on Sep 24, 2026· 48m 16s· 4 players
Game mode
Random Map
Map size
Medium (4 player)
Population
200
Speed
Normal
Resources
Standard
Victory
Conquest
Starting age
Dark Age
Ending age
Imperial Age
RankedLock teamsTeams togetherTeam positionsShared explorationLock speedFull tech treeHidden civsTurbo modeCheats
Victory
Defeat
🇹🇷 Turks · Türkiye
649
+10
🇨🇿 Burgundians · Czechia
567
+12
🇦🇷 Persians · Argentina
531
-12
🇹🇷 Franks · Türkiye
467
-10
magor
4:27 Loom
10:57 Wheelbarrow
13:35 Feudal Age
14:34 Horse Collar
18:09 Hand Cart
19:09 Double-Bit Axe
24:02 Castle Age
26:09 Bow Saw
26:02 Heavy Plow
26:11 Gold Mining
26:15 Stone Mining
27:42 Caravan
29:07 Two-Man Saw
29:32 Man-at-Arms
29:38 Pikeman
30:19 Squires
30:06 Arson
32:42 Gold Shaft Mining
32:44 Stone Shaft Mining
32:19 Scale Barding Armor
32:14 Scale Mail Armor
32:25 Forging
32:06 Fletching
32:17 Padded Archer Armor
33:38 Long Swordsman
37:55 Imperial Age
40:28 Chain Barding Armor
40:24 Chain Mail Armor
40:44 Iron Casting
EmreKGvar
0:33 Loom
11:22 Feudal Age
11:58 Double-Bit Axe
11:57 Horse Collar
21:00 Castle Age
20:26 Gold Mining
22:07 Bow Saw
21:59 Heavy Plow
28:50 Stone Mining
31:37 Gold Shaft Mining
35:31 Imperial Age
36:33 Conscription
37:20 Two-Man Saw
37:11 Caravan
cangapolacelular
12:14 Feudal Age
17:28 Double-Bit Axe
19:46 Castle Age
18:16 Horse Collar
22:18 Bow Saw
28:26 Heavy Plow
29:54 Wheelbarrow
29:49 Scale Barding Armor
32:10 Hand Cart
31:41 Town Watch
32:14 Husbandry
32:37 Chain Barding Armor
35:44 Imperial Age
33:01 Loom
35:23 Town Patrol
36:09 Cavalier
37:29 Crop Rotation
37:00 Caravan
38:45 Hoardings
38:24 Stone Mining
38:24 Gold Mining
38:28 Savar
39:31 Forging
musaugal7
0:45 Loom
12:50 Feudal Age
14:08 Wheelbarrow
14:29 Double-Bit Axe
15:21 Town Watch
22:34 Castle Age
23:32 Bow Saw
24:01 Caravan
24:42 Stone Mining
24:44 Gold Mining
26:04 Coinage
30:43 Imperial Age
29:58 Husbandry
31:02 Fortified Wall
31:13 Ballistics
30:49 Guard Tower
30:45 Treadmill Crane
33:45 Gold Shaft Mining
34:46 Hand Cart
35:37 Ordonnance Companies
36:23 Cavalier
37:18 Capped Ram
38:13 Chivalry
39:20 Onager
41:30 Chemistry
41:20 Squires
40:40 Pikeman
45:44 Paladin
Connection lost

Rejoining the realm…

Still unreachable

The connection could not be restored.

Session expired

The server has moved on; the page needs a fresh start.